2707 views
Uploaded 2019-12-01 21:12:27
Game version 1.32.0.3 / 1.32.0.3.1
20:47 long 4on4 ladder game on (8)Mur'gulOasis_LV
Saved by BEARAND
2707 views
Uploaded 2019-12-01 21:12:27
Game version 1.32.0.3 / 1.32.0.3.1
20:47 long 4on4 ladder game on (8)Mur'gulOasis_LV


82 units @ 10.4k
/ 1.3k
150 buildings @ 12.6k
/ 6.7k



x1)
| Lesser Clarity Potion | 1 | 70 |
| Potion of Healing | 2 | 300 |
| Staff of Sanctuary | 2 | 500 |
| Boots of Speed | 3 | 750 |
| Staff of Teleportation | 3 | 450 |
| Tome of Retraining | 1 | 300 |
| Periapt of Vitality | 1 | 325 |
| Circlet of Nobility | 1 | 175 |
| Healing Salve | 1 | 100 |
| total: | 15 | 2970g |
| Peasant | 14 | 1050 | / | 0 |
| total: | 14 | 1050g | / | 0w |
| Scout Tower | 31 | 930 | / | 620 |
| Arcane Tower | 2 | 140 | / | 100 |
| Guard Tower | 16 | 1120 | / | 800 |
| Altar of Kings | 1 | 180 | / | 50 |
| Farm | 7 | 560 | / | 140 |
| Lumber Mill | 1 | 120 | / | 0 |
| Arcane Vault | 2 | 260 | / | 60 |
| Barracks | 1 | 160 | / | 60 |
| Blacksmith | 1 | 140 | / | 60 |
| Gryphon Aviary | 1 | 140 | / | 150 |
| Arcane Sanctum | 1 | 150 | / | 140 |
| Keep | 1 | 320 | / | 210 |
| Castle | 1 | 360 | / | 210 |
| total: | 46 | 2640g | / | 1280w |
| 0:02 | Peasant |
| 0:02 | Peasant |
| 0:10 | Altar of Kings |
| 0:18 | Farm |
| 0:23 | Peasant |
| 0:36 | Lumber Mill |
| 0:45 | Peasant |
| 0:48 | Farm |
| 0:52 | Peasant |
| 1:05 | Peasant |
| 1:16 | Scout Tower |
| 1:21 | Peasant |
| 1:24 | Scout Tower |
| 1:25 | Scout Tower |
| 1:26 | Peasant |
| 1:43 | Arcane Tower |
| 1:51 | Peasant |
| 1:56 | Scout Tower |
| 1:58 | Guard Tower |
| 2:06 | Peasant |
| 2:11 | Summon Water Elemental |
| 2:28 | Guard Tower |
| 2:30 | Peasant |
| 2:31 | Scout Tower |
| 2:32 | Scout Tower |
| 2:48 | Peasant |
| 2:48 | Peasant |
| 2:55 | Scout Tower |
| 3:00 | Guard Tower |
| 3:03 | Scout Tower |
| 3:04 | Scout Tower |
| 3:06 | Improved Masonry |
| 3:08 | Peasant |
| 3:25 | Guard Tower |
| 4:17 | Guard Tower |
| 4:17 | Keep |
| 4:23 | Scout Tower |
| 4:24 | Scout Tower |
| 4:25 | Scout Tower |
| 4:29 | Brilliance Aura |
| 4:42 | Boots of Speed |
| 5:27 | Farm |
| 5:28 | Guard Tower |
| 5:29 | Arcane Tower |
| 5:30 | Scout Tower |
| 5:30 | Scout Tower |
| 5:30 | Scout Tower |
| 5:31 | Scout Tower |
| 5:41 | Healing Salve |
| 5:41 | Lesser Clarity Potion |
| 5:45 | Guard Tower |
| 5:47 | Farm |
| 6:08 | Arcane Vault |
| 6:10 | Guard Tower |
| 6:57 | Guard Tower |
| 7:05 | Scout Tower |
| 7:05 | Scout Tower |
| 7:06 | Scout Tower |
| 7:06 | Scout Tower |
| 7:36 | Castle |
| 7:37 | Guard Tower |
| 7:39 | Scout Tower |
| 7:44 | Storm Bolt |
| 8:05 | Guard Tower |
| 8:08 | Scout Tower |
| 8:09 | Scout Tower |
| 8:09 | Scout Tower |
| 8:10 | Advanced Masonry |
| 9:24 | Potion of Healing |
| 9:25 | Potion of Healing |
| 9:43 | Guard Tower |
| 10:40 | Arcane Vault |
| 10:41 | Scout Tower |
| 10:41 | Scout Tower |
| 10:42 | Scout Tower |
| 10:42 | Scout Tower |
| 10:42 | Scout Tower |
| 10:43 | Scout Tower |
| 10:44 | Scout Tower |
| 11:12 | Guard Tower |
| 11:13 | Imbued Masonry |
| 11:30 | Boots of Speed |
| 11:30 | Staff of Teleportation |
| 11:37 | Holy Light |
| 11:43 | Tome of Retraining |
| 11:43 | Retrain Hero |
| 11:45 | Blizzard |
| 11:45 | Brilliance Aura |
| 12:04 | Staff of Teleportation |
| 12:07 | Boots of Speed |
| 12:32 | Staff of Sanctuary |
| 12:54 | Blizzard |
| 13:57 | Staff of Sanctuary |
| 14:06 | Gryphon Aviary |
| 14:07 | Barracks |
| 14:09 | Blacksmith |
| 14:21 | Guard Tower |
| 15:31 | Farm |
| 15:31 | Farm |
| 15:32 | Farm |
| 16:03 | Bash |
| 18:54 | Animal War Training |
| 19:00 | Arcane Sanctum |
| 19:30 | Divine Shield |
| 20:00 | Staff of Teleportation |
| 20:02 | Periapt of Vitality |
| 20:02 | Circlet of Nobility |
| Right click | 1961 |
| Select | 511 |
| Select group | 234 |
| Build/train/purchase | 139 |
| Use ability | 68 |
| Assign group | 29 |
| Chat | 19 |
| Item give/drop | 5 |
| Misc. action | 4 |
| Minimap ping | 2 |
| Remove unit | 1 |
| Esc | 1 |

| Acolyte | 3 | 225 | / | 0 |
| Ghoul | 4 | 480 | / | 0 |
| Crypt Fiend | 12 | 2580 | / | 480 |
| Banshee | 4 | 620 | / | 120 |
| Abomination | 2 | 480 | / | 140 |
| Frost Wyrm | 3 | 1155 | / | 360 |
| Giant Sea Turtle | 1 | 295 | / | 35 |
| Makrura Deepseer | 1 | 500 | / | 100 |
| total: | 30 | 6335g | / | 1235w |
| Nerubian Tower | 1 | 100 | / | 20 |
| Spirit Tower | 5 | 725 | / | 200 |
| Altar of Darkness | 1 | 180 | / | 50 |
| Ziggurat | 7 | 1050 | / | 350 |
| Crypt | 1 | 200 | / | 50 |
| Graveyard | 1 | 215 | / | 0 |
| Tomb of Relics | 1 | 130 | / | 30 |
| Slaughterhouse | 1 | 140 | / | 135 |
| Temple of the Damned | 1 | 155 | / | 140 |
| Sacrificial Pit | 1 | 75 | / | 150 |
| Boneyard | 1 | 175 | / | 200 |
| Halls of the Dead | 1 | 320 | / | 210 |
| Black Citadel | 1 | 325 | / | 230 |
| total: | 15 | 2320g | / | 1105w |
| 0:09 | Altar of Darkness |
| 0:14 | Ziggurat |
| 0:18 | Crypt |
| 0:29 | Acolyte |
| 0:41 | Acolyte |
| 0:54 | Acolyte |
| 1:23 | Graveyard |
| 1:27 | Ghoul |
| 1:38 | Ghoul |
| 1:57 | Ghoul |
| 2:04 | Ghoul |
| 2:17 | Unholy Aura |
| 2:28 | Ziggurat |
| 3:23 | Ziggurat |
| 3:27 | Halls of the Dead |
| 3:30 | Crypt Fiend |
| 3:47 | Crypt Fiend |
| 4:07 | Ziggurat |
| 4:25 | Crypt Fiend |
| 4:39 | Creature Carapace |
| 4:48 | Nerubian Tower |
| 5:10 | Crypt Fiend |
| 6:16 | Death Coil |
| 6:20 | Giant Sea Turtle |
| 6:28 | Spirit Tower |
| 6:32 | Creature Attack |
| 6:35 | Spirit Tower |
| 6:51 | Crypt Fiend |
| 6:55 | Web |
| 7:23 | Improved Creature Carapace |
| 7:31 | Slaughterhouse |
| 8:46 | Ziggurat |
| 8:53 | Black Citadel |
| 8:58 | Temple of the Damned |
| 9:23 | Makrura Deepseer |
| 10:08 | Banshee |
| 10:52 | Crypt Fiend |
| 10:53 | Burrow |
| 10:56 | Banshee |
| 10:57 | Banshee Adept Training |
| 11:02 | Improved Creature Attack |
| 11:11 | Spirit Tower |
| 11:21 | Ziggurat |
| 12:22 | Unholy Aura |
| 12:32 | Crypt Fiend |
| 12:32 | Crypt Fiend |
| 12:33 | Crypt Fiend |
| 12:35 | Banshee |
| 13:24 | Abomination |
| 13:50 | Crypt Fiend |
| 14:07 | Disease Cloud |
| 14:16 | Banshee |
| 14:39 | Spirit Tower |
| 15:47 | Death Coil |
| 15:57 | Advanced Creature Carapace |
| 16:41 | Ziggurat |
| 18:03 | Abomination |
| 18:06 | Crypt Fiend |
| 18:07 | Crypt Fiend |
| 18:09 | Spirit Tower |
| 18:25 | Sacrificial Pit |
| 18:33 | Tomb of Relics |
| 19:17 | Boneyard |
| 19:22 | Advanced Creature Attack |
| 19:36 | Unholy Aura |
| 20:41 | Frost Wyrm |
| 20:42 | Frost Wyrm |
| 20:43 | Freezing Breath |
| 20:44 | Frost Wyrm |
| Right click | 786 |
| Select | 193 |
| Build/train/purchase | 55 |
| Chat | 23 |
| Use ability | 12 |


| Healing Salve | 4 | 400 |
| Lesser Clarity Potion | 6 | 420 |
| Orb of Lightning | 3 | 1125 |
| Tiny Great Hall | 1 | 600 |
| Boots of Speed | 2 | 500 |
| Staff of Teleportation | 2 | 300 |
| Scroll of Regeneration | 2 | 200 |
| total: | 20 | 3545g |
| Peon | 19 | 1425 | / | 0 |
| total: | 19 | 1425g | / | 0w |
| Watch Tower | 39 | 4290 | / | 3120 |
| Altar of Storms | 1 | 180 | / | 50 |
| Orc Burrow | 2 | 320 | / | 80 |
| War Mill | 2 | 410 | / | 0 |
| Voodoo Lounge | 3 | 390 | / | 90 |
| Stronghold | 1 | 315 | / | 190 |
| Fortress | 1 | 325 | / | 190 |
| total: | 47 | 5590g | / | 3340w |
| 0:01 | Peon |
| 0:04 | Altar of Storms |
| 0:10 | Peon |
| 0:18 | Orc Burrow |
| 0:22 | Peon |
| 0:38 | War Mill |
| 0:47 | Peon |
| 0:55 | Peon |
| 1:05 | Peon |
| 1:15 | Peon |
| 1:33 | Orc Burrow |
| 1:41 | Peon |
| 1:54 | War Mill |
| 1:58 | Watch Tower |
| 1:59 | Peon |
| 2:07 | Wind Walk |
| 2:14 | Voodoo Lounge |
| 2:19 | Peon |
| 2:31 | Watch Tower |
| 3:09 | Stronghold |
| 4:04 | Watch Tower |
| 4:14 | Boots of Speed |
| 4:15 | Staff of Teleportation |
| 4:21 | Watch Tower |
| 4:23 | Healing Salve |
| 4:23 | Lesser Clarity Potion |
| 4:37 | Watch Tower |
| 4:37 | Watch Tower |
| 5:50 | Fortress |
| 5:56 | Voodoo Lounge |
| 6:10 | Watch Tower |
| 6:10 | Watch Tower |
| 6:46 | Hex |
| 6:53 | Healing Salve |
| 7:12 | Critical Strike |
| 7:37 | Watch Tower |
| 7:37 | Watch Tower |
| 8:18 | Scroll of Regeneration |
| 9:07 | Orb of Lightning |
| 9:23 | Boots of Speed |
| 9:24 | Staff of Teleportation |
| 9:52 | Wind Walk |
| 10:32 | Scroll of Regeneration |
| 10:42 | Lesser Clarity Potion |
| 10:46 | Watch Tower |
| 10:47 | Watch Tower |
| 10:52 | Watch Tower |
| 10:52 | Watch Tower |
| 11:51 | Orb of Lightning |
| 11:51 | Healing Salve |
| 11:53 | Lesser Clarity Potion |
| 12:03 | Lesser Clarity Potion |
| 13:32 | Watch Tower |
| 13:32 | Watch Tower |
| 13:34 | Watch Tower |
| 13:36 | Watch Tower |
| 13:37 | Watch Tower |
| 13:46 | Orb of Lightning |
| 13:49 | Critical Strike |
| 14:16 | Tiny Great Hall |
| 15:00 | Watch Tower |
| 15:00 | Watch Tower |
| 15:02 | Watch Tower |
| 15:03 | Watch Tower |
| 15:03 | Watch Tower |
| 15:08 | Healing Wave |
| 15:26 | Watch Tower |
| 15:28 | Watch Tower |
| 16:09 | Watch Tower |
| 16:10 | Watch Tower |
| 16:11 | Peon |
| 16:11 | Peon |
| 16:12 | Peon |
| 16:12 | Peon |
| 16:25 | Wind Walk |
| 16:49 | Healing Salve |
| 16:52 | Lesser Clarity Potion |
| 17:17 | Watch Tower |
| 17:46 | Watch Tower |
| 17:51 | Watch Tower |
| 17:52 | Watch Tower |
| 18:21 | Lesser Clarity Potion |
| 18:27 | Watch Tower |
| 18:28 | Watch Tower |
| 18:29 | Peon |
| 18:29 | Peon |
| 18:29 | Peon |
| 18:50 | Watch Tower |
| 18:50 | Watch Tower |
| 18:51 | Watch Tower |
| 18:52 | Peon |
| 19:24 | Bladestorm |
| 19:43 | Voodoo Lounge |
| 19:45 | Watch Tower |
| 19:46 | Watch Tower |
| 19:49 | Peon |
| Right click | 1351 |
| Assign group | 582 |
| Select group | 362 |
| Select | 166 |
| Build/train/purchase | 106 |
| Chat | 101 |
| Use ability | 31 |
| Misc. action | 11 |
| Item give/drop | 6 |
| Minimap ping | 1 |



| Scroll of Regeneration | 1 | 100 |
| Staff of Sanctuary | 4 | 1000 |
| Orb of Fire | 1 | 325 |
| Staff of Teleportation | 1 | 150 |
| Boots of Speed | 1 | 250 |
| total: | 8 | 1825g |
| Peasant | 16 | 1200 | / | 0 |
| Priest | 3 | 405 | / | 30 |
| total: | 19 | 1605g | / | 30w |
| Scout Tower | 32 | 960 | / | 640 |
| Arcane Tower | 1 | 70 | / | 50 |
| Guard Tower | 23 | 1610 | / | 1150 |
| Altar of Kings | 1 | 180 | / | 50 |
| Lumber Mill | 1 | 120 | / | 0 |
| Farm | 5 | 400 | / | 100 |
| Arcane Vault | 2 | 260 | / | 60 |
| Arcane Sanctum | 1 | 150 | / | 140 |
| Keep | 1 | 320 | / | 210 |
| Castle | 1 | 360 | / | 210 |
| total: | 42 | 2070g | / | 990w |
| 0:01 | Peasant |
| 0:09 | Altar of Kings |
| 0:13 | Peasant |
| 0:20 | Lumber Mill |
| 0:22 | Peasant |
| 0:33 | Farm |
| 0:37 | Peasant |
| 0:48 | Peasant |
| 0:57 | Farm |
| 1:18 | Scout Tower |
| 1:19 | Peasant |
| 1:23 | Peasant |
| 1:34 | Peasant |
| 1:34 | Peasant |
| 1:44 | Arcane Tower |
| 1:48 | Scout Tower |
| 2:07 | Farm |
| 2:13 | Blizzard |
| 2:18 | Peasant |
| 2:28 | Peasant |
| 2:30 | Guard Tower |
| 2:38 | Peasant |
| 2:40 | Scout Tower |
| 2:42 | Scout Tower |
| 2:51 | Peasant |
| 3:26 | Brilliance Aura |
| 3:31 | Peasant |
| 3:34 | Scout Tower |
| 3:35 | Scout Tower |
| 3:35 | Peasant |
| 3:55 | Guard Tower |
| 3:56 | Peasant |
| 3:59 | Improved Masonry |
| 3:59 | Advanced Masonry |
| 4:01 | Keep |
| 4:14 | Guard Tower |
| 4:18 | Scout Tower |
| 4:18 | Scout Tower |
| 4:19 | Scout Tower |
| 4:20 | Scout Tower |
| 4:42 | Arcane Vault |
| 5:13 | Staff of Teleportation |
| 5:14 | Boots of Speed |
| 5:24 | Guard Tower |
| 5:25 | Scout Tower |
| 5:28 | Scout Tower |
| 5:29 | Scout Tower |
| 5:29 | Scout Tower |
| 5:30 | Scout Tower |
| 5:31 | Scout Tower |
| 5:31 | Scout Tower |
| 5:31 | Scout Tower |
| 6:12 | Guard Tower |
| 6:15 | Farm |
| 6:18 | Scout Tower |
| 6:19 | Scout Tower |
| 6:19 | Scout Tower |
| 6:19 | Scout Tower |
| 6:20 | Scout Tower |
| 6:21 | Scout Tower |
| 6:54 | Guard Tower |
| 7:20 | Guard Tower |
| 7:51 | Guard Tower |
| 8:15 | Arcane Sanctum |
| 8:26 | Blizzard |
| 8:41 | Storm Bolt |
| 8:43 | Castle |
| 8:50 | Arcane Vault |
| 9:44 | Scroll of Regeneration |
| 10:33 | Magic Sentry |
| 10:34 | Priest |
| 10:41 | Scout Tower |
| 10:42 | Scout Tower |
| 10:43 | Scout Tower |
| 11:12 | Staff of Sanctuary |
| 11:13 | Staff of Sanctuary |
| 11:32 | Guard Tower |
| 12:08 | Guard Tower |
| 12:19 | Holy Light |
| 13:07 | Scout Tower |
| 13:08 | Scout Tower |
| 13:08 | Scout Tower |
| 13:40 | Scout Tower |
| 14:18 | Bash |
| 14:20 | Guard Tower |
| 14:27 | Staff of Sanctuary |
| 14:39 | Orb of Fire |
| 14:51 | Scout Tower |
| 16:18 | Staff of Sanctuary |
| 16:23 | Guard Tower |
| 16:25 | Priest |
| 16:27 | Priest |
| 16:30 | Farm |
| 17:05 | Brilliance Aura |
| 17:13 | Imbued Masonry |
| 17:14 | Improved Lumber Harvesting |
| 17:14 | Advanced Lumber Harvesting |
| 17:48 | Divine Shield |
| 19:50 | Storm Bolt |
| Right click | 1970 |
| Select | 637 |
| Select group | 330 |
| Assign group | 214 |
| Build/train/purchase | 155 |
| Chat | 110 |
| Use ability | 63 |
| Misc. action | 3 |
| Minimap ping | 3 |
| Item give/drop | 2 |
| Remove unit | 1 |
199 units @ 21.9k
/ 2.7k
83 buildings @ 11.9k
/ 5.3k

| Wisp | 51 | 3060 | / | 0 |
| Archer | 7 | 910 | / | 70 |
| total: | 58 | 3970g | / | 70w |
| Ancient Protector | 24 | 3240 | / | 1920 |
| Moon Well | 4 | 720 | / | 160 |
| Altar of Elders | 1 | 180 | / | 50 |
| Ancient of War | 1 | 150 | / | 60 |
| Hunter's Hall | 1 | 210 | / | 100 |
| Tree of Life | 1 | 340 | / | 185 |
| Ancient of Wind | 1 | 150 | / | 140 |
| Tree of Ages | 1 | 320 | / | 180 |
| Tree of Eternity | 1 | 330 | / | 200 |
| total: | 33 | 4990g | / | 2615w |
| 0:04 | Wisp |
| 0:04 | Wisp |
| 0:12 | Moon Well |
| 0:14 | Wisp |
| 0:18 | Wisp |
| 0:38 | Altar of Elders |
| 0:42 | Wisp |
| 0:47 | Ancient of War |
| 0:48 | Wisp |
| 0:48 | Wisp |
| 1:12 | Wisp |
| 1:21 | Moon Well |
| 1:26 | Wisp |
| 1:50 | Wisp |
| 1:54 | Archer |
| 2:08 | Hunter's Hall |
| 2:23 | Archer |
| 2:38 | Force of Nature |
| 2:40 | Moon Well |
| 2:53 | Wisp |
| 2:53 | Wisp |
| 3:11 | Wisp |
| 3:11 | Wisp |
| 3:15 | Archer |
| 3:31 | Wisp |
| 3:38 | Archer |
| 4:03 | Archer |
| 4:23 | Ancient Protector |
| 4:25 | Ancient Protector |
| 4:29 | Ancient Protector |
| 4:50 | Ancient Protector |
| 4:56 | Wisp |
| 4:57 | Wisp |
| 5:18 | Archer |
| 5:31 | Wisp |
| 5:31 | Wisp |
| 5:31 | Wisp |
| 5:31 | Wisp |
| 6:01 | Archer |
| 6:02 | Moon Well |
| 6:16 | Entangling Roots |
| 6:47 | Ancient Protector |
| 6:59 | Ancient Protector |
| 7:02 | Ancient Protector |
| 7:05 | Ancient Protector |
| 7:07 | Ancient Protector |
| 7:10 | Ancient Protector |
| 7:31 | Wisp |
| 7:31 | Wisp |
| 7:31 | Wisp |
| 7:31 | Wisp |
| 8:36 | Ancient Protector |
| 9:09 | Wisp |
| 9:09 | Wisp |
| 9:09 | Wisp |
| 9:10 | Wisp |
| 9:10 | Wisp |
| 9:10 | Wisp |
| 10:27 | Ancient Protector |
| 10:28 | Ancient Protector |
| 10:38 | Tree of Ages |
| 10:41 | Ancient Protector |
| 10:43 | Strength of the Moon |
| 11:28 | Ancient Protector |
| 11:33 | Ancient Protector |
| 11:56 | Ancient Protector |
| 12:25 | Ancient Protector |
| 12:27 | Ancient Protector |
| 12:28 | Ancient Protector |
| 12:52 | Tree of Life |
| 13:06 | Wisp |
| 13:06 | Wisp |
| 13:06 | Wisp |
| 13:06 | Wisp |
| 13:06 | Wisp |
| 13:07 | Wisp |
| 13:07 | Wisp |
| 13:09 | Ancient of Wind |
| 13:28 | Ancient Protector |
| 13:29 | Ancient Protector |
| 14:56 | Wisp |
| 14:56 | Wisp |
| 14:56 | Wisp |
| 14:58 | Tree of Eternity |
| 15:29 | Entangling Roots |
| 15:31 | Wisp |
| 15:53 | Ancient Protector |
| 16:02 | Wisp |
| 16:02 | Wisp |
| 16:02 | Wisp |
| 16:02 | Wisp |
| 16:02 | Wisp |
| 16:24 | Ancient Protector |
| 16:30 | Wisp |
| 16:30 | Wisp |
| 16:35 | Strength of the Wild |
| 16:35 | Reinforced Hides |
| 17:20 | Wisp |
| 17:20 | Wisp |
| Right click | 762 |
| Select | 419 |
| Build/train/purchase | 116 |
| Use ability | 50 |

| Healing Salve | 1 | 100 |
| Circlet of Nobility | 1 | 175 |
| total: | 2 | 275g |
| Peon | 13 | 975 | / | 0 |
| Grunt | 1 | 200 | / | 0 |
| Troll Headhunter | 12 | 1680 | / | 240 |
| Troll Berserker | 35 | 4900 | / | 700 |
| total: | 61 | 7755g | / | 940w |
| Altar of Storms | 1 | 180 | / | 50 |
| Orc Burrow | 9 | 1440 | / | 360 |
| Barracks | 2 | 360 | / | 100 |
| Voodoo Lounge | 1 | 130 | / | 30 |
| War Mill | 1 | 205 | / | 0 |
| Stronghold | 1 | 315 | / | 190 |
| Fortress | 1 | 325 | / | 190 |
| total: | 14 | 2315g | / | 540w |
| 0:06 | Altar of Storms |
| 0:10 | Peon |
| 0:10 | Peon |
| 0:17 | Orc Burrow |
| 0:28 | Barracks |
| 0:47 | Peon |
| 0:48 | Peon |
| 0:50 | Peon |
| 1:35 | Voodoo Lounge |
| 1:42 | War Mill |
| 1:55 | Grunt |
| 2:04 | Peon |
| 2:10 | Wind Walk |
| 2:29 | Orc Burrow |
| 2:53 | Healing Salve |
| 2:58 | Orc Burrow |
| 3:18 | Peon |
| 4:26 | Stronghold |
| 4:30 | Barracks |
| 4:38 | Troll Headhunter |
| 4:39 | Troll Headhunter |
| 5:16 | Circlet of Nobility |
| 5:40 | Steel Ranged Weapons |
| 5:41 | Steel Armor |
| 5:48 | Orc Burrow |
| 6:01 | Troll Headhunter |
| 6:02 | Troll Headhunter |
| 6:54 | Troll Regeneration |
| 6:59 | Fortress |
| 7:01 | Troll Headhunter |
| 7:10 | Orc Burrow |
| 7:34 | Critical Strike |
| 7:58 | Troll Headhunter |
| 7:59 | Troll Headhunter |
| 7:59 | Troll Headhunter |
| 8:00 | Troll Headhunter |
| 8:19 | Thorium Ranged Weapons |
| 8:33 | Troll Headhunter |
| 9:50 | Berserker Upgrade |
| 9:51 | Troll Headhunter |
| 9:51 | Troll Headhunter |
| 10:10 | Orc Burrow |
| 10:35 | Troll Berserker |
| 10:37 | Troll Berserker |
| 10:51 | Peon |
| 10:51 | Peon |
| 10:57 | Troll Berserker |
| 11:06 | Troll Berserker |
| 11:12 | Troll Berserker |
| 11:24 | Orc Burrow |
| 11:38 | Troll Berserker |
| 12:14 | Troll Berserker |
| 12:15 | Troll Berserker |
| 13:17 | Troll Berserker |
| 13:18 | Troll Berserker |
| 13:18 | Troll Berserker |
| 13:18 | Troll Berserker |
| 13:23 | Troll Berserker |
| 13:59 | Peon |
| 13:59 | Peon |
| 13:59 | Peon |
| 14:02 | Peon |
| 14:13 | Troll Berserker |
| 14:21 | Troll Berserker |
| 14:48 | Troll Berserker |
| 14:50 | Troll Berserker |
| 15:07 | Orc Burrow |
| 15:35 | Troll Berserker |
| 15:36 | Troll Berserker |
| 15:56 | Troll Berserker |
| 16:53 | Wind Walk |
| 17:45 | Troll Berserker |
| 17:45 | Troll Berserker |
| 17:46 | Troll Berserker |
| 17:46 | Troll Berserker |
| 17:47 | Troll Berserker |
| 17:47 | Troll Berserker |
| 18:13 | Troll Berserker |
| 18:13 | Troll Berserker |
| 18:26 | Orc Burrow |
| 18:50 | Troll Berserker |
| 18:51 | Troll Berserker |
| 18:53 | Troll Berserker |
| 19:10 | Troll Berserker |
| 19:28 | Troll Berserker |
| 19:40 | Troll Berserker |
| 19:59 | Troll Berserker |
| Select | 178 |
| Right click | 153 |
| Build/train/purchase | 80 |
| Select group | 79 |
| Assign group | 10 |
| Use ability | 7 |

| Wisp | 30 | 1800 | / | 0 |
| Archer | 3 | 390 | / | 30 |
| Huntress | 15 | 2925 | / | 300 |
| Dryad | 8 | 1160 | / | 480 |
| total: | 56 | 6275g | / | 810w |
| Ancient Protector | 4 | 540 | / | 320 |
| Altar of Elders | 1 | 180 | / | 50 |
| Moon Well | 6 | 1080 | / | 240 |
| Ancient of War | 2 | 300 | / | 120 |
| Hunter's Hall | 1 | 210 | / | 100 |
| Ancient of Lore | 2 | 310 | / | 290 |
| Tree of Ages | 1 | 320 | / | 180 |
| Tree of Eternity | 1 | 330 | / | 200 |
| total: | 16 | 2620g | / | 1120w |
| 0:03 | Wisp |
| 0:03 | Wisp |
| 0:04 | Wisp |
| 0:10 | Altar of Elders |
| 0:14 | Moon Well |
| 0:45 | Wisp |
| 0:46 | Wisp |
| 0:51 | Ancient of War |
| 1:03 | Wisp |
| 1:06 | Wisp |
| 1:22 | Wisp |
| 1:34 | Moon Well |
| 1:52 | Archer |
| 2:02 | Moon Well |
| 2:07 | Wisp |
| 2:07 | Wisp |
| 2:14 | Shadow Strike |
| 2:27 | Archer |
| 2:35 | Hunter's Hall |
| 3:01 | Moon Well |
| 3:17 | Archer |
| 3:23 | Wisp |
| 3:24 | Wisp |
| 3:33 | Ancient of War |
| 4:18 | Moon Well |
| 4:21 | Huntress |
| 4:21 | Huntress |
| 4:24 | Strength of the Moon |
| 4:50 | Huntress |
| 6:04 | Ancient Protector |
| 6:06 | Tree of Ages |
| 6:10 | Strength of the Wild |
| 6:11 | Huntress |
| 6:58 | Huntress |
| 7:17 | Moon Armor |
| 7:23 | Moon Well |
| 8:08 | Blink |
| 9:15 | Huntress |
| 9:15 | Huntress |
| 9:35 | Improved Strength of the Moon |
| 9:36 | Improved Strength of the Wild |
| 9:37 | Wisp |
| 10:11 | Wisp |
| 10:16 | Wisp |
| 10:36 | Wisp |
| 10:36 | Wisp |
| 10:42 | Ancient of Lore |
| 10:47 | Ancient Protector |
| 10:49 | Wisp |
| 10:49 | Wisp |
| 11:03 | Ancient of Lore |
| 11:09 | Wisp |
| 11:18 | Moon Glaive |
| 11:24 | Huntress |
| 11:59 | Abolish Magic |
| 12:00 | Dryad |
| 12:00 | Dryad |
| 12:14 | Wisp |
| 12:14 | Wisp |
| 13:22 | Dryad |
| 13:22 | Dryad |
| 13:24 | Dryad |
| 13:26 | Reinforced Hides |
| 13:40 | Huntress |
| 14:11 | Tree of Eternity |
| 14:53 | Dryad |
| 14:55 | Huntress |
| 15:10 | Ancient Protector |
| 16:34 | Shadow Strike |
| 16:55 | Wisp |
| 16:55 | Wisp |
| 16:56 | Wisp |
| 16:56 | Wisp |
| 16:56 | Wisp |
| 16:57 | Wisp |
| 17:04 | Dryad |
| 17:04 | Dryad |
| 17:41 | Huntress |
| 17:45 | Wisp |
| 17:45 | Wisp |
| 18:17 | Huntress |
| 19:09 | Ancient Protector |
| 19:17 | Huntress |
| 19:17 | Huntress |
| 19:18 | Huntress |
| Right click | 734 |
| Select | 171 |
| Build/train/purchase | 71 |
| Chat | 52 |
| Use ability | 36 |
| Select group | 20 |
| Assign group | 17 |
| Minimap ping | 16 |
| Esc | 4 |

| Lesser Clarity Potion | 4 | 280 |
| Scroll of Regeneration | 2 | 200 |
| Potion of Healing | 1 | 150 |
| Scroll of Town Portal | 1 | 350 |
| total: | 8 | 980g |
| Peasant | 8 | 600 | / | 0 |
| Rifleman | 6 | 1230 | / | 180 |
| Mortar Team | 7 | 1260 | / | 490 |
| Gryphon Rider | 3 | 840 | / | 210 |
| total: | 24 | 3930g | / | 880w |
| Scout Tower | 3 | 90 | / | 60 |
| Arcane Tower | 3 | 210 | / | 150 |
| Altar of Kings | 1 | 180 | / | 50 |
| Barracks | 1 | 160 | / | 60 |
| Farm | 8 | 640 | / | 160 |
| Blacksmith | 1 | 140 | / | 60 |
| Arcane Vault | 1 | 130 | / | 30 |
| Lumber Mill | 1 | 120 | / | 0 |
| Workshop | 2 | 280 | / | 280 |
| Gryphon Aviary | 2 | 280 | / | 300 |
| Keep | 1 | 320 | / | 210 |
| Castle | 1 | 360 | / | 210 |
| total: | 20 | 2020g | / | 1000w |
| 0:03 | Peasant |
| 0:03 | Peasant |
| 0:06 | Altar of Kings |
| 0:12 | Barracks |
| 0:16 | Peasant |
| 0:25 | Farm |
| 0:58 | Peasant |
| 0:58 | Peasant |
| 1:02 | Peasant |
| 1:37 | Blacksmith |
| 1:46 | Farm |
| 1:51 | Peasant |
| 1:51 | Peasant |
| 2:03 | Arcane Vault |
| 2:12 | Storm Bolt |
| 2:51 | Scout Tower |
| 2:53 | Rifleman |
| 2:53 | Rifleman |
| 3:18 | Lesser Clarity Potion |
| 3:22 | Arcane Tower |
| 4:22 | Keep |
| 4:27 | Farm |
| 4:36 | Farm |
| 4:43 | Black Gunpowder |
| 4:47 | Farm |
| 5:29 | Lesser Clarity Potion |
| 5:29 | Scroll of Regeneration |
| 5:42 | Rifleman |
| 5:42 | Rifleman |
| 5:48 | Scout Tower |
| 5:51 | Studded Leather Armor |
| 6:00 | Scout Tower |
| 6:20 | Lumber Mill |
| 6:28 | Arcane Tower |
| 6:36 | Arcane Tower |
| 6:39 | Rifleman |
| 6:40 | Rifleman |
| 7:21 | Workshop |
| 9:35 | Mortar Team |
| 9:35 | Mortar Team |
| 9:35 | Mortar Team |
| 9:39 | Farm |
| 9:39 | Farm |
| 9:41 | Castle |
| 9:53 | Iron Forged Swords |
| 9:55 | Refined Gunpowder |
| 9:58 | Improved Masonry |
| 10:05 | Workshop |
| 10:21 | Lesser Clarity Potion |
| 10:22 | Scroll of Regeneration |
| 10:40 | Improved Lumber Harvesting |
| 10:59 | Farm |
| 11:08 | Gryphon Aviary |
| 11:37 | Flare |
| 13:02 | Bash |
| 13:54 | Mortar Team |
| 13:54 | Mortar Team |
| 16:03 | Mortar Team |
| 16:04 | Mortar Team |
| 16:05 | Reinforced Leather Armor |
| 16:10 | Gryphon Aviary |
| 16:14 | Gryphon Rider |
| 16:15 | Gryphon Rider |
| 16:15 | Gryphon Rider |
| 16:17 | Lesser Clarity Potion |
| 16:18 | Potion of Healing |
| 16:21 | Scroll of Town Portal |
| Right click | 1073 |
| Select | 338 |
| Build/train/purchase | 59 |
| Misc. action | 23 |
| Use ability | 21 |
| Select group | 20 |
| Assign group | 9 |
| Remove unit | 1 |
| Minimap ping | 1 |
⇛